 Dungeon Crawl Stone Soup version 0.25-a0-346-g140ab784a8 (webtiles) character file.

Game seed: 774450968799541684, levelgen mode: deterministic

501 Gargoyl the Skirmisher (level 6, -1/78 HPs)
             Began as a Centaur Abyssal Knight on Dec 31, 2019.
             Was a Priest of Lugonu.
             Killed by divine providence
             ... invoked by an orc priest
              (12 damage)
             ... on level 4 of the Dungeon.
             The game lasted 00:06:06 (4298 turns).

Gargoyl the Skirmisher (Centaur Abyssal Knight)     Turns: 4298, Time: 00:06:06

Health: -1/78      AC: 23    Str: 15    XL:     6   Next: 95%
Magic:  8/8        EV:  1    Int: 11    God:    Lugonu [***...]
Gold:   215        SH:  0    Dex: 10    Spells: 5/5 levels left

rFire    . . .     SeeInvis .   a - +3 hand axe
rCold    . . .     Gourm    .   (no shield)
rNeg     + + +     Faith    .   (armour currently unavailable)
rPois    +         Spirit   .   (helmet currently unavailable)
rElec    .         Reflect  .   (cloak currently unavailable)
rCorr    .         Harm     .   (gloves currently unavailable)
MR       .....     NoTele   +   (no barding)
Stlth    +.........             (no amulet)
HPRegen  0.23/turn              (no ring)
MPRegen  0.11/turn              (no ring)

@: tree-form
A: large
a: Depart the Abyss, Bend Space, Banish, Renounce Religion


You were on level 4 of the Dungeon.
You worshipped Lugonu.
Lugonu was most pleased with you.
You were not hungry.
You were a tree.
You visited 1 branch of the dungeon, and saw 4 of its levels.
You visited the Abyss 1 time.

You collected 215 gold pieces.

Inventory:

Hand Weapons
 a - a +3 hand axe (weapon)
Missiles
 m - 2 boomerangs (quivered)
Armour
 f - a +1 helmet (melded)
 l - a +0 pair of gloves
 q - a +2 scale mail of cold resistance (melded)
 r - a cursed +0 pair of gloves (melded)
Jewellery
 i - a +4 ring of strength
Scrolls
 b - a scroll of identify
 g - 4 scrolls of teleportation
 k - a scroll of fear
 p - a scroll of remove curse
Potions
 d - a potion of resistance
 e - a potion of flight
 j - a potion of brilliance
 o - a potion of haste
 s - a potion of invisibility {unknown}
Comestibles
 c - 15 rations
 t - 3 chunks of flesh


   Skills:
 + Level 4.1 Fighting
 + Level 3.1 Axes
 + Level 0.7 Throwing
 * Level 3.7 Armour
 * Level 2.0 Dodging
 * Level 3.1 Invocations


You had 5 spell levels left.
You didn't know any spells.
Your spell library was empty.

Dungeon Overview and Level Annotations

Branches:
Dungeon (4/15)
 Temple: D:4-7

Altars:


Innate Abilities, Weirdness & Mutations

((You have hooves in place of feet.))
((Armour fits poorly on your strangely shaped body.))
((You cover ground very quickly.))
((You have extremely tough skin. (AC +3)))


Message History

The orc priest hits you but does no damage.
The orc hits you but does no damage. x2
You barely miss the orc priest.
The orc priest is heavily wounded.
You hit the orc.
You kill the orc!
Lugonu accepts your kill.
You hit the orc wizard. You barely miss the orc.
The orc wizard hits you but does no damage.
The orc priest mumbles some strange prayers to Beogh against you.
Beogh smites you!
* * * LOW HITPOINT WARNING * * *
The orc hits you but does no damage.
You closely miss the orc priest.
The orc priest is heavily wounded.
You hit the orc. You closely miss the orc wizard.
The orc wizard hits you but does no damage.
The orc priest calls down the wrath of Beogh upon you.
Beogh smites you!
You die...

########
#......######
###......#....#
.........#....####
.........#.......#
.........####....###
......oo.............
##...)♣o###.....####
#......# #.....#
#......# #.†...#
######## #))...#
######..)..#
.........###
.......[.# .........#
.........#


You could see an orc priest, an orc wizard and an orc.

Vanquished Creatures
  A scorpion (D:4)
  A hound (D:4)
  2 orc priests (D:4)
  3 orc wizards (D:4)
  An iguana (D:4)
  7 adders
  7 gnolls (D:4)
  A shadow imp (Abyss:2)
  An ooze (D:3)
  3 worms
  3 dart slugs
  3 leopard geckos
  14 orcs
  5 giant cockroaches
  6 goblins
  9 hobgoblins
  2 jackals (D:3)
  10 kobolds
  A quokka (D:3)
  A ball python (D:1)
  3 bats
  3 frilled lizards
  13 rats
  A bush (D:1)
101 creatures vanquished.

Notes
Turn   | Place    | Note
-------+----------+-------------------------------------------
     0 | Abyss:1  | Gargoyl the Centaur Abyssal Knight began the quest for the
                  | Orb.
     0 | Abyss:1  | Reached XP level 1. HP: 19/19 MP: 2/2
     6 | Abyss:1  | Found a corrupted altar of Lugonu.
    85 | Abyss:1  | Noticed a wight
   102 | Abyss:1  | Noticed a starcursed mass
   183 | Abyss:2  | Noticed a hungry ghost
   185 | Abyss:2  | Noticed a neqoxec
   186 | Abyss:2  | Noticed a ynoxinul
   198 | Abyss:2  | Noticed an iron imp
   198 | Abyss:2  | Noticed a crimson imp
   214 | Abyss:2  | Noticed a smoke demon
   218 | Abyss:2  | Noticed an apocalypse crab
   219 | D:1      | Escaped the Abyss
   367 | D:1      | Reached XP level 2. HP: 23/26 MP: 3/3
  1146 | D:1      | Reached XP level 3. HP: 29/31 MP: 4/4
  1205 | D:1      | Reached * piety under Lugonu
  1782 | D:2      | Reached skill level 1 in Dodging
  2346 | D:2      | Reached XP level 4. HP: 40/40 MP: 5/5
  2603 | D:3      | Found a faded altar of an unknown god.
  2624 | D:3      | Reached ** piety under Lugonu
  2875 | D:3      | HP: 3/60 [poisoned by a kobold]
  3150 | D:3      | Reached XP level 5. HP: 42/46 MP: 6/6
  3686 | D:4      | Reached skill level 4 in Fighting
  3858 | D:4      | Reached XP level 6. HP: 52/52 MP: 8/8
  3957 | D:4      | Reached *** piety under Lugonu
  4298 | D:4      | Killed from afar by an orc priest

Levels and vault maps discovered:
D:1:      lemuel_arrival_broad_hall, layout_loops_corners,
          lexackson_kobold_supper
D:2:      layout_basic, first_ration
D:3:      layout_rooms, chequers_ecumenical_altar_simple_redux,
          supply_closet_lemuel
D:4:      layout_basic, serial_shops, nicolae_shop_stone

Skill      XL: |  1  2  3  4  5  6 |
---------------+-------------------+-----
Axes           | 2 3 |  3.1
Armour         | 2 3 |  3.7
Dodging        | 1 2 |  2.0
Fighting       | 4 |  4.1
Invocations    | 3 |  3.1
Throwing       | |  0.7

Action                   |  1- 3 |  4- 6 || total
-------------------------+-------+-------++-------
Melee: Hand axe          |   139 |   162 ||   301
       Kick              |    38 |    29 ||    67
Throw: Boomerang         |       |     6 ||     6
Invok: Depart the Abyss  |     1 |       ||     1
  Use: Scroll            |     8 |     8 ||    16
       Potion            |       |     4 ||     4
  Eat: Chunk             |     3 |     6 ||     9
Armor: Ring mail         |    43 |       ||    43
       Plate armour      |       |   109 ||   109
       Scale mail        |       |    48 ||    48
       Skin              |       |     6 ||     6
Dodge: Dodged            |    34 |    51 ||    85

Table legend:
 A = Non-vault XP
 B = Vault XP
 C = Vault XP percentage of total XP
 D = Non-vault monster count
 E = Vault monster count
 F = Vault count percentage of total count
                 A         B        C        D         E       F
            +---------+---------+-------+---------+---------+-------
      Total |     704 |      13 |   1.8 |      92 |       8 |   8.0
            +---------+---------+-------+---------+---------+-------
        D:1 |      45 |      13 |  22.4 |      17 |       8 |  32.0
        D:2 |      42 |       0 |   0.0 |      15 |       0 |   0.0
        D:3 |     126 |       0 |   0.0 |      34 |       0 |   0.0
        D:4 |     480 |       0 |   0.0 |      25 |       0 |   0.0
    Abyss:2 |      11 |       0 |   0.0 |       1 |       0 |   0.0
            +---------+---------+-------+---------+---------+-------
